 Dungeon Crawl Stone Soup version 0.22-a0-558-gc2241811a9 (webtiles) character file.

2004 PikkenKukken the Magician (level 9, -9/69 HPs)
             Began as a Gnoll Skald on June 26, 2018.
             Was a Follower of the Shining One.
             Killed by nerve-wracking pain
             ... invoked by an orc priest
              (11 damage)
             ... on level 6 of the Dungeon.
             The game lasted 00:15:59 (5656 turns).

PikkenKukken the Magician (Gnoll Skald)             Turns: 5656, Time: 00:16:00

Health: -9/69      AC: 11    Str: 17      XL:     9   Next: 22%
Magic:  18/18      EV: 13    Int: 16      God:    the Shining One [*.....]
Gold:   448        SH:  9    Dex: 16 (17) Spells: 17/20 levels left

rFire    . . .     SeeInvis .   a - +9 spear "Cidutim" {pierce, +Rage}
rCold    . . .     Gourm    .   m - +0 shield
rNeg     . . .     Faith    .   b - +1 leather armour
rPois    .         Spirit   .   c - +0 helmet
rElec    .         Reflect  .   t - +1 cloak
rCorr    .         Harm     .   z - +0 pair of gloves
MR       .....     Rnd*Rage +   (no boots)
Stlth    ++........             (no amulet)
HPRegen  0.21/turn              e - ring of stealth
MPRegen  0.16/turn              u - +3 ring of strength

@: hasted (expiring), glowing, very quick
A: distributed training, fangs 1, iridescent scales 1, berserk 1, deterioration
1, strong nose
a: Renounce Religion, Evoke Berserk Rage


You were on level 6 of the Dungeon.
You worshipped the Shining One.
The Shining One was aware of your devotion.
You were not hungry.

You visited 1 branch of the dungeon, and saw 6 of its levels.

You collected 448 gold pieces.

Inventory:

Hand Weapons
 a - the +9 spear "Cidutim" (weapon) {pierce, +Rage}
   (You found it on level 5 of the Dungeon)

   It inflicts extra damage upon your enemies.
   It lets you go berserk.
 f - a +1 war axe
 r - a +2 dagger of holy wrath
Missiles
 g - 63 arrows
 j - 3 tomahawks (quivered)
 s - 33 bolts
Armour
 b - a +1 leather armour (worn)
 c - a +0 helmet (worn)
 m - a +0 shield (worn)
 t - a +1 cloak (worn)
 z - a +0 pair of gloves (worn)
Jewellery
 e - a ring of stealth (left hand)
 i - an uncursed amulet of guardian spirit
 u - a +3 ring of strength (right hand)
Scrolls
 h - 4 scrolls of fog
 l - 2 scrolls of teleportation
 w - 4 scrolls of remove curse
 y - a scroll of identify
Potions
 k - a potion of haste
 n - 2 potions of brilliance
 o - 2 potions of might
 p - a potion of lignification {unknown}
 q - a potion of degeneration {unknown}
 x - a potion of heal wounds {unknown}
 A - a potion of curing
Comestibles
 d - 6 rations
 v - 4 chunks of flesh


   Skills:
 + Level 6.1 Fighting
 + Level 3.9 Short Blades
 + Level 3.9 Long Blades
 + Level 6.1 Axes
 + Level 3.9 Maces & Flails
 + Level 3.9 Polearms
 + Level 3.9 Staves
 + Level 3.9 Slings
 + Level 3.9 Bows
 + Level 3.9 Crossbows
 + Level 3.9 Throwing
 + Level 4.8 Armour
 + Level 6.1 Dodging
 + Level 3.9 Stealth
 + Level 3.9 Shields
 + Level 3.9 Unarmed Combat
 + Level 6.4 Spellcasting
 + Level 3.2 Conjurations
 + Level 3.2 Hexes
 + Level 6.4 Charms
 + Level 3.2 Summonings
 + Level 3.2 Necromancy
 + Level 3.2 Translocations
 + Level 3.2 Transmutations
 + Level 3.2 Fire Magic
 + Level 3.2 Ice Magic
 + Level 3.2 Air Magic
 + Level 3.2 Earth Magic
 + Level 3.2 Poison Magic
 + Level 4.3 Invocations
 + Level 3.9 Evocations


You had 17 spell levels left.
You knew the following spells:

 Your Spells              Type           Power        Failure   Level  Hunger
a - Infusion              Chrm           ####         4%          1    None
b - Song of Slaying       Chrm           ####....     7%          2    None

Your spell library contained the following spells:

 Spells                   Type           Power        Failure   Level  Hunger
 Regeneration             Chrm/Necr      ###.......   26%         3    ##.....
 Shroud of Golubria       Chrm/Tloc      ###.......   14%         2    None
 Spectral Weapon          Hex/Chrm       ###.....     26%         3    ##.....


Dungeon Overview and Level Annotations

Branches:
Dungeon (6/15)
 Temple: D:4-7

Altars:
Fedhas
Okawaru
Sif Muna
The Shining One

Shops:
D:6 (

Annotations:
D:6 willthinkwithportals's ghost, novice CeHu


Innate Abilities, Weirdness & Mutations

Your experience applies equally to all skills.
You have very sharp teeth.
Your uncanny sense of smell can sniff out nearby items.
You are partially covered in iridescent scales. (AC +2)
You tend to lose your temper in combat.
Your body sometimes deteriorates upon taking damage.


Message History

You feel sick.
You feel sick.
You feel sick.
You feel sick.
You are no longer poisoned.
An orc wizard comes into view. It is wielding a dagger.
An orc wizard comes into view. It is wielding a dagger.
The orc wizard shouts! x2; You hear a shout!
An orc priest comes into view.
An orc comes into view. It is wielding a club.
The orc shouts!
The orc priest invokes the aid of Beogh against you.
Beogh smites you!
* * * LOW HITPOINT WARNING * * *
Your extra speed is starting to run out.
The orc priest invokes the aid of Beogh against you.
You struggle to resist.
The orc priest invokes the aid of Beogh against you.
Pain shoots through your body!
You die...

#............###.#.###.#.###.#.##
#......##........#.....#.....#.).
#......#......#.....#.....#. ...
#.........###.#.###.#.###.#.###..
#.........)...#.....#.....#......
..##.....))#..[..#.....#........#
a.##...###.#.###.#.###.#.###.....
#..........#.....#.....#.........
##...[..#.....#.@...#........###.
##..###.#.###.#.###.#.###.....##.
##......#.....#o....#..(...##..#.
###...........o...o.......## #...
# ##.....................#.....#.
##.###......#..##.##..<.###>##
#.# #..........>....### # ##
###≈#......##....... . #?#...####
#.. #


You could see an orc priest and an orc wizard.

Vanquished Creatures
  A two-headed ogre (D:4)
  2 orc warriors
  3 bullfrogs (D:6)
  2 scorpions
  5 killer bees (D:6)
  2 howler monkeys
  3 crimson imps (D:5)
  3 jellies
  3 orc wizards
  Jessica (D:3)
  3 worker ants
  A howler monkey zombie (D:6)
  Robin (D:3)
  6 adders
  2 shadow imps
  3 adder skeletons
  5 worms
  2 dart slugs
  2 leopard geckos (D:6)
  13 orcs
  2 ball pythons
  7 giant cockroaches
  9 hobgoblins
  12 jackals
  3 quokkas
  3 bats (D:2)
  3 frilled lizards
  13 goblins
  4 kobolds
  A leopard gecko skeleton (D:4)
  5 rats
125 creatures vanquished.

Notes
Turn   | Place    | Note
-------+----------+-------------------------------------------
     0 | D:1      | PikkenKukken the Gnoll Skald began the quest for the Orb.
     0 | D:1      | Reached XP level 1. HP: 20/20 MP: 6/6
   387 | D:1      | Gained mutation: You tend to lose your temper in combat. [potion of mutation]
   387 | D:1      | Gained mutation: You have large cloven feet. [potion of mutation]
   387 | D:1      | Gained mutation: You are agile. (Dex +2) [potion of mutation]
   411 | D:1      | Reached XP level 2. HP: 26/26 MP: 7/7
  1274 | D:2      | Reached XP level 3. HP: 22/31 MP: 9/9
  1373 | D:2      | Reached skill level 5 in Spellcasting
  1661 | D:2      | Found an iron altar of Okawaru.
  2127 | D:3      | Reached skill level 1 in Invocations
  2269 | D:3      | Noticed Robin
  2305 | D:3      | Reached skill level 1 in Short Blades
  2305 | D:3      | Reached skill level 1 in Long Blades
  2305 | D:3      | Reached skill level 1 in Maces & Flails
  2305 | D:3      | Reached skill level 1 in Polearms
  2305 | D:3      | Reached skill level 1 in Staves
  2305 | D:3      | Reached skill level 1 in Slings
  2305 | D:3      | Reached skill level 1 in Bows
  2305 | D:3      | Reached skill level 1 in Crossbows
  2305 | D:3      | Reached skill level 1 in Throwing
  2305 | D:3      | Reached skill level 1 in Stealth
  2305 | D:3      | Reached skill level 1 in Shields
  2305 | D:3      | Reached skill level 1 in Unarmed Combat
  2305 | D:3      | Reached skill level 1 in Evocations
  2310 | D:3      | Killed Robin
  2310 | D:3      | Reached XP level 4. HP: 34/38 MP: 11/11
  2491 | D:3      | Lost mutation: You are agile. (Dex +2) [potion of mutation]
  2491 | D:3      | Lost mutation: You have large cloven feet. [potion of mutation]
  2491 | D:3      | Gained mutation: You are somewhat resistant to further mutation. [potion of mutation]
  2505 | D:3      | Found a glowing golden altar of the Shining One.
  2528 | D:3      | Became a worshipper of the Shining One
  2673 | D:3      | Noticed Jessica
  2681 | D:3      | Reached skill level 1 in Conjurations
  2681 | D:3      | Reached skill level 1 in Hexes
  2681 | D:3      | Reached skill level 1 in Summonings
  2681 | D:3      | Reached skill level 1 in Necromancy
  2681 | D:3      | Reached skill level 1 in Translocations
  2681 | D:3      | Reached skill level 1 in Transmutations
  2681 | D:3      | Reached skill level 1 in Fire Magic
  2681 | D:3      | Reached skill level 1 in Ice Magic
  2681 | D:3      | Reached skill level 1 in Air Magic
  2681 | D:3      | Reached skill level 1 in Earth Magic
  2681 | D:3      | Reached skill level 1 in Poison Magic
  2684 | D:3      | Killed Jessica
  2684 | D:3      | Reached XP level 5. HP: 38/43 MP: 12/12
  3430 | D:4      | Learned a level 2 spell: Song of Slaying
  3946 | D:4      | Noticed a two-headed ogre
  3956 | D:4      | Killed a two-headed ogre
  3956 | D:4      | Reached skill level 5 in Fighting
  3956 | D:4      | Reached skill level 5 in Axes
  3956 | D:4      | Reached skill level 5 in Dodging
  3956 | D:4      | Reached XP level 6. HP: 12/51 MP: 5/14
  3956 | D:4      | Reached XP level 7. HP: 13/56 MP: 5/15
  3956 | D:4      | Reached XP level 8. HP: 15/63 MP: 5/16
  4405 | D:5      | Entered Level 5 of the Dungeon
  4672 | D:5      | Found a blossoming altar of Fedhas.
  4915 | D:5      | Lost mutation: You are somewhat resistant to further mutation. [potion of mutation]
  4915 | D:5      | Lost mutation: You tend to lose your temper in combat. [potion of mutation]
  4915 | D:5      | Gained mutation: Your body sometimes deteriorates upon taking damage. [potion of mutation]
  4915 | D:5      | Gained mutation: You tend to lose your temper in combat. [potion of mutation]
  4915 | D:5      | Gained mutation: You are partially covered in iridescent scales. (AC +2) [potion of mutation]
  5032 | D:5      | Reached * piety under the Shining One
  5139 | D:5      | Got a polished spear
  5140 | D:5      | Identified the +9 spear "Cidutim" {pierce, +Rage} (You found it on level 5 of the Dungeon)
  5192 | D:5      | Found a deep blue altar of Sif Muna.
  5397 | D:6      | Reached XP level 9. HP: 69/69 MP: 18/18
  5582 | D:6      | Found a runed door.
  5589 | D:6      | Noticed willthinkwithportals's ghost (novice CeHu)
  5591 | D:6      | Found Rerphizosh's Weapon Emporium.
  5650 | D:6      | HP: 1/69 [orc priest/divine providence (10)]
  5656 | D:6      | Killed from afar by an orc priest

Vault maps used:
D:1:      elethiomel_arrival_infinity_welcomes_careful_drivers,
          serial_park_tiny_pond
D:2:      nicolae_overflow_hidden_temple
D:3:      old_standard_altar, first_ration, hangedman_decor_lopped, uniq_robin,
          uniq_jessica
D:4:      hex_tiny, corexii_leaking_fountain
D:5:      tgw_sif, fedhas_altar_3
D:6:      hangedman_cross_stitches, serial_shops, shop, ebering_ghost_sewer_d,
          minivault_19

Skill      XL: |  1  2  3  4  5  6  7  8  9 |
---------------+----------------------------+-----
Spellcasting   | 5 6 |  6.4
Invocations    | 1 3 4 |  4.3
Short Blades   | 1 2 3 |  3.9
Long Blades    | 1 2 3 |  3.9
Maces & Flails | 1 2 3 |  3.9
Polearms       | 1 2 3 |  3.9
Staves         | 1 2 3 |  3.9
Slings         | 1 2 3 |  3.9
Bows           | 1 2 3 |  3.9
Crossbows      | 1 2 3 |  3.9
Throwing       | 1 2 3 |  3.9
Stealth        | 1 2 3 |  3.9
Shields        | 1 2 3 |  3.9
Unarmed Combat | 1 2 3 |  3.9
Evocations     | 1 2 3 |  3.9
Conjurations   | 1 2 3 |  3.2
Hexes          | 1 2 3 |  3.2
Summonings     | 1 2 3 |  3.2
Necromancy     | 1 2 3 |  3.2
Translocations | 1 2 3 |  3.2
Transmutations | 1 2 3 |  3.2
Fire Magic     | 1 2 3 |  3.2
Ice Magic      | 1 2 3 |  3.2
Air Magic      | 1 2 3 |  3.2
Earth Magic    | 1 2 3 |  3.2
Poison Magic   | 1 2 3 |  3.2
Armour         | 3 4 |  4.8
Fighting       | 5 6 |  6.1
Axes           | 5 6 |  6.1
Dodging        | 5 6 |  6.1
Charms         | 6 |  6.4

Action                   |  1- 3 |  4- 6 |  7- 9 || total
-------------------------+-------+-------+-------++-------
Melee: Hand axe          |    29 |       |       ||    29
       Kick              |    12 |     4 |       ||    16
       Bite              |     4 |    14 |     9 ||    27
       War axe           |    14 |    92 |    77 ||   183
       Spear             |       |       |    67 ||    67
Throw: Javelin           |    24 |     5 |    22 ||    51
       Tomahawk          |       |       |    11 ||    11
 Cast: Infusion          |     2 |     4 |     3 ||     9
       Song of Slaying   |       |     1 |     3 ||     4
  Use: Scroll            |    11 |       |     4 ||    15
       Potion            |     1 |     3 |     2 ||     6
 Stab: Sleeping          |     3 |       |       ||     3
  Eat: Chunk             |     4 |     3 |     5 ||    12
       Ration            |       |     1 |       ||     1
Armor: Leather armour    |    10 |    23 |    49 ||    82
Dodge: Dodged            |    27 |    51 |    79 ||   157
Block: Shield            |     5 |    46 |    67 ||   118

Table legend:
 A = Spawn XP
 B = Non-spawn XP
 C = Spawn XP percentage of total XP
 D = Spawn monster count
 E = Non-spawn monster count
 F = Spawn count percentage of total count
 G = Total turns spent on level
                    A         B        C        D         E        F      G
               +---------+---------+-------+---------+---------+-------+---------
         Total |       0 |    2863 |   0.0 |       0 |     125 |   0.0 |  5656
               +---------+---------+-------+---------+---------+-------+---------
           D:1 |       0 |      26 |   0.0 |       0 |      14 |   0.0 |  1231
           D:2 |       0 |      28 |   0.0 |       0 |      14 |   0.0 |   829
           D:3 |       0 |     180 |   0.0 |       0 |      33 |   0.0 |  1267
           D:4 |       0 |     981 |   0.0 |       0 |       8 |   0.0 |  1078
           D:5 |       0 |     651 |   0.0 |       0 |      31 |   0.0 |   933
           D:6 |       0 |     997 |   0.0 |       0 |      25 |   0.0 |   318
               +---------+---------+-------+---------+---------+-------+---------
